 Dungeon Crawl Stone Soup version 0.27-a0-1529-g1e82c303ef (webtiles) character file.

Game seed: 6183606387253724873

323451 Spaninq the Peltast (level 21, -17/201 HPs)
             Began as a Hill Orc Monk on July 11, 2021.
             Was the Champion of Beogh.
             Killed from afar by a tengu reaver (28 damage)
             ... with a bolt of fire
             ... led by Sojobo
             ... on level 4 of the Vaults on July 12, 2021.
             The game lasted 04:30:59 (52564 turns).

Spaninq the Peltast (Hill Orc Monk)                Turns: 52564, Time: 04:30:59

Health: -17/201    AC: 37    Str: 24    XL:     21   Next: 57%
Magic:  27/29      EV: 11    Int: 16    God:    Beogh [******]
Gold:   4459       SH: 29    Dex: 13    Spells: 20/20 levels left

rFire    . . .     SeeInvis +   j - +14 obsidian axe {vorpal, Drain Fly SInv}
rCold    + . .     Faith    .   b - +1 tower shield {rPois}
rNeg     . . .     Spirit   .   Q - +7 plate armour of the Hart {rElec rC+}
rPois    +         Reflect  +   g - +2 hat
rElec    +         Harm     .   E - +1 cloak
rCorr    .         Rampage  .   l - +2 pair of gloves
Will     ++...                  B - +2 pair of boots
Stlth    ..........             V - amulet of reflection
HPRegen  0.43/turn              k - ring of Kiygu {Int+6 Slay+5}
MPRegen  0.21/turn              K - ring of willpower

@: marked, flying, mesmerised
A: walk on water, horns 1, deterioration 1
}: 2/15 runes: decaying, gossamer
a: Renounce Religion, Smiting, Recall Orcish Followers, Give Item to Named
Follower, Resurrection


You were on level 4 of the Vaults.
You worshipped Beogh.
Beogh was exalted by your worship.
You visited 9 branches of the dungeon, and saw 40 of its levels.
You also visited: Ossuary, Bailey and Ice Cave.

You collected 5139 gold pieces.
You spent 680 gold pieces at shops.

Inventory:

Hand Weapons
 j - the +14 obsidian axe (weapon) {vorpal, Drain Fly SInv}
   (You acquired it on level 14 of the Dungeon)

   It inflicts extra damage upon your enemies.
   SInv:      It lets you see invisible.
   Fly:       It grants you flight.
   Drain:     It drains your maximum health when unequipped.
Armour
 b - a +1 tower shield of poison resistance (worn)
 g - a +2 hat (worn)
 l - a +2 pair of gloves (worn)
 B - a +2 pair of boots (worn)
 C - a +1 helmet of see invisible
 E - a +1 cloak (worn)
 Q - the +7 plate armour of the Hart (worn) {rElec rC+}
   (You found it on level 1 of the Lair of Beasts)

   rC:        It protects you from cold.
   rElec:     It insulates you from electricity.
Jewellery
 k - the ring of Kiygu (left hand) {Int+6 Slay+5}
   (You took it off a deep elf sorcerer on level 3 of the Elven Halls)

   [ring of intelligence]

   Int:       It affects your intelligence (+6).
   Slay:      It affects your accuracy & damage with ranged weapons and melee
   (+5).
 n - a ring of protection from cold
 p - a ring of protection from cold
 v - a ring of positive energy
 x - a ring of protection from fire
 A - a ring of flight
 I - an amulet of regeneration
 K - a ring of willpower (right hand)
 L - a ring of poison resistance
 T - a ring of protection from fire
 V - an amulet of reflection (around neck)
 W - the ring "Cialiom" {rN+ MP+9}
   (You found it on level 3 of the Elven Halls)

   [ring of magical power]

   rN:        It protects you from negative energy.
   MP:        It affects your magic capacity (+9).
Wands
 i - a wand of paralysis (4)
 o - a wand of polymorph (15)
 q - a wand of charming (25)
 t - a wand of acid (14)
 u - a wand of mindburst (52)
 y - a wand of flame (38)
 F - a wand of iceblast (41)
 Z - a wand of digging (18)
Scrolls
 a - 25 scrolls of identify
 c - 18 scrolls of teleportation
 e - 10 scrolls of enchant armour
 m - 3 scrolls of magic mapping
 s - 9 scrolls of enchant weapon
 w - 7 scrolls of amnesia
 G - 8 scrolls of fear
 N - a scroll of fog
 O - 2 scrolls of summoning
Potions
 d - 2 potions of berserk rage
 f - 5 potions of invisibility
 h - 13 potions of curing
 r - 5 potions of magic
 z - 9 potions of attraction
 D - 8 potions of mutation
 J - 4 potions of ambrosia
 R - 6 potions of brilliance
 S - 4 potions of might
 U - 4 potions of cancellation
 X - 2 potions of haste
Miscellaneous
 H - a box of beasts
 M - a lightning rod (4/4)


   Skills:
 + Level 20.0 Fighting
 - Level 18.5 Axes
 + Level 18.4 Armour
 + Level 11.3 Dodging
 - Level 1.5 Stealth
 * Level 20.6 Shields
 - Level 11.8 Invocations


You had 20 spell levels left.
You didn't know any spells.
Your spell library contained the following spells:

 Spells                   Type           Power      Damage    Failure   Level
 Animate Skeleton         Necr           0%         N/A       95%         1
 Apportation              Tloc           0%         N/A       95%         1
 Corona                   Hex            0%         N/A       95%         1
 Foxfire                  Conj/Fire      0%         2x1d4     95%         1
 Magic Dart               Conj           0%         1d3       95%         1
 Pain                     Necr           0%         1d4       95%         1
 Sandblast                Erth           0%         2d4       95%         1
 Shock                    Conj/Air       0%         1d3       95%         1
 Summon Small Mammal      Summ           0%         N/A       95%         1
 Call Imp                 Summ           0%         N/A       99%         2
 Ensorcelled Hibernation  Hex/Ice        0%         N/A       99%         2
 Poisonous Vapours        Pois/Air       0%         N/A       99%         2
 Slow                     Hex            0%         N/A       99%         2
 Sublimation of Blood     Necr           0%         N/A       99%         2
 Call Canine Familiar     Summ           0%         N/A       100%        3
 Confusing Touch          Hex            0%         N/A       100%        3
 Conjure Flame            Conj/Fire      0%         6-21      100%        3
 Dazzling Flash           Conj/Hex       0%         N/A       100%        3
 Gell's Gravitas          Tloc           0%         N/A       100%        3
 Ignite Poison            Fire/Tmut/Pois 0%         N/A       100%        3
 Inner Flame              Hex/Fire       0%         N/A       100%        3
 Mephitic Cloud           Conj/Pois/Air  0%         N/A       100%        3
 Ozocubu's Armour         Ice            0%         N/A       100%        3
 Portal Projectile        Hex/Tloc       0%         N/A       100%        3
 Spider Form              Tmut/Pois      0%         N/A       100%        3
 Swiftness                Air            0%         N/A       100%        3
 Teleport Other           Tloc           0%         N/A       100%        3
 Tukima's Dance           Hex            0%         N/A       100%        3
 Vampiric Draining        Necr           0%         2d6       100%        3
 Airstrike                Air            0%         N/A       100%        4
 Fulminant Prism          Conj/Hex       0%         3d6       100%        4
 Iskenderun's Mystic Bla  Conj/Tloc      0%         2d3       100%        4
 Leda's Liquefaction      Hex/Erth       0%         N/A       100%        4
 Olgreb's Toxic Radiance  Pois           0%         N/A       100%        4
 Passage of Golubria      Tloc           N/A        N/A       100%        4
 Petrify                  Tmut/Erth      0%         N/A       100%        4
 Sticky Flame             Conj/Fire      0%         2d3       100%        4
 Agony                    Necr           0%         N/A       100%        5
 Bolt of Magma            Conj/Fire/Erth 0%         4d4       100%        5
 Fireball                 Conj/Fire      0%         3d3       100%        5
 Freezing Cloud           Conj/Ice/Air   0%         6-21      100%        5
 Irradiate                Conj/Tmut      0%         3d14      100%        5
 Lee's Rapid Deconstruct  Erth           0%         3d5*      100%        5
 Metabolic Englaciation   Hex/Ice        0%         N/A       100%        5
 Silence                  Hex/Air        0%         N/A       100%        5
 Yara's Violent Unravell  Hex/Tmut       0%         3d3       100%        5
 Dispersal                Tloc           0%         N/A       100%        6
 Shadow Creatures         Summ           N/A        N/A       100%        6
 Simulacrum               Ice/Necr       0%         N/A       100%        6
 Starburst                Conj/Fire      0%         8x6d3     100%        6
 Statue Form              Tmut/Erth      0%         N/A       100%        6
 Ozocubu's Refrigeration  Ice            0%         4d5       100%        7
 Spellforged Servitor     Conj/Summ      0%         N/A       100%        7
 Summon Hydra             Summ           0%         N/A       100%        7
 Ignition                 Fire           0%         3d3       100%        8
 Fire Storm               Conj/Fire      0%         5d1       100%        9
 Shatter                  Erth           0%         3d5*      100%        9


Dungeon Overview and Level Annotations

Branches:
Dungeon (15/15)            Temple (1/1) D:4            Lair (6/6) D:11
  Swamp (4/4) Lair:2       Spider (4/4) Lair:2        Slime (0/5) Lair:6
    Orc (2/2) D:10            Elf (3/3) Orc:2        Vaults (4/5) D:13
  Crypt (0/3) Vaults:3     Depths (1/5) D:15        Ossuary (visited)
 Bailey (visited)           IceCv (visited)

Altars:
Ashenzari
Cheibriados
Dithmenos
Elyvilon
Fedhas
Gozag
Hepliaklqana
Kikubaaqudgha
Makhleb
Nemelex Xobeh
Okawaru
Qazlal
Ru
Sif Muna
Trog
Uskayaw
Vehumet
Wu Jian
Xom
Yredelemnul
Zin
The Shining One

Shops:
D:2 [!:[*   D:5 (   D:6 :   Orc:1 ([   Orc:2 ?[(?   Elf:2 :   Elf:3 [?
Vaults:1 *   Vaults:2 [   Vaults:3 (

Annotations:
Lair:3 exclusion: oklob plant
Vaults:2 3 runed translucent doors
Vaults:4 3 runed translucent doors, Buxkij's ghost, adept DsGl; Eldin's ghost, veteran DEWz; Lukheov's ghost, veteran DrWn; Sojobo


Innate Abilities, Weirdness & Mutations

You can walk on water.
You have a pair of small horns on your head.
Your body sometimes deteriorates upon taking damage.


Message History

The bolt of lightning misses you.
Marbork hits the tengu reaver with a +1 war axe!!
Murdo roars a battlecry!
Marbork goes into a battle-frenzy!
You barely miss the tengu reaver.
You headbutt the tengu reaver, but do no damage.
The tengu reaver is moderately wounded.
The tengu reaver hits Marbork with a +0 bardiche!!
The tengu reaver pecks Marbork but does no damage.
Marbork blocks the tengu reaver's attack.
Marbork closely misses the tengu reaver.
You closely miss the tengu reaver. You headbutt the tengu reaver.
The tengu reaver is moderately wounded.
Murdo shoots a bolt.
The bolt hits the tengu reaver!!
Sojobo grins devilishly.
You slice the tengu reaver!!
The tengu reaver is almost dead.
You block the tengu reaver's attack. x3
Marbork closely misses the tengu reaver.
You miss the tengu reaver. You headbutt the tengu reaver.
You break out of your daze!
You kill the tengu reaver!
Beogh accepts your kill.
Visions of slaying the tengu reaver flood into your mind.
Murdo shoots a bolt.
The bolt completely misses the tengu reaver.
The bolt misses Sojobo.
You hit the tengu reaver.
The tengu reaver is lightly wounded.
Marbork blocks the tengu reaver's attack.
The tengu reaver pecks Marbork!
The tengu reaver claws Marbork but does no damage.
Murdo shoots a bolt.
The bolt hits the tengu reaver!!
Marbork hits the tengu reaver with a +1 war axe!!
You barely miss the tengu reaver.
The tengu reaver is severely wounded.
Marbork looks more healthy.
The tengu reaver casts a spell at you. The bolt of fire hits you!!
You die...

##'###...##.##.#..#P⌠P.$8
..oo.#..##...##'..#....."
.....#.##.....##..#......
.....#.+.......#..+..)..=
.....#.#.......#..+.....8
.>...#.#.......#..+.....?
.....#.#......)#o.#W.....
.....#.#.....)QQo.#W.....
###### ##.....##@.#.⌠P.?8
o## ##...# ##########
..## ##.# ...## ## ....##
.....## #.....##
##.....## .##.....#


You could see Sojobo (strong, repels missiles, ally target), a tengu reaver
(mesmerising, ally target), Buxkij's ghost, Lukheov's ghost, the friendly
Marbork the orc warlord (strong) and the friendly Murdo the orc warlord
(strong).

Vanquished Creatures
  An orc warlord (Elf:3)
  A deep elf master archer (Elf:3)
  2 sphinxes (Vaults:3)
  A storm dragon (shapeshifter) (Elf:3)
  2 tengu reavers
  A frost giant (Vaults:3)
  6 deep elf sorcerers (Elf:3)
  5 ghost moths
  5 vault wardens
  A fire giant (Vaults:4)
  An emperor scorpion (Spider:4)
  4 deep elf elementalists
  12 ironbound preservers
  Nessos (D:14)
  3 very ugly things
  3 deep elf demonologists
  2 deep elf annihilators
  2 dire elephants (Vaults:2)
  2 entropy weavers
  4 bunyips
  A spark wasp (Spider:4)
  2 crystal guardians (Vaults:2)
  Snorg (D:12)
  2 green deaths (Swamp:4)
  4 deep elf death magi (Elf:3)
  3 deep elf high priests
  A shambling mangrove (Swamp:1)
  3 eleionomae
  2 yaktaur captains
  3 great orbs of eyes
  Harold (D:7)
  4 vault guards
  5 hydras
  3 ironbound thunderhulks
  A hell beast (Swamp:4)
  An ice dragon (IceCv)
  An ogre mage (Orc:2)
  2 boulder beetles
  3 peacekeepers
  3 death knights
  3 ironbound frosthearts
  2 centaur warriors
  6 alligators
  14 dancing weapons
  A merfolk avatar (Lair:6)
  2 tengu warriors
  7 death yaks
  10 two-headed ogres
  Nergalle (D:10)
  3 ironbound beastmasters (Vaults:2)
  A thrashing horror (Swamp:4)
  2 goliath frogs
  A shadow wraith (Vaults:3)
  10 deep elf knights
  A skeletal warrior (D:15)
  A golden dragon zombie (D:15)
  3 spriggan druids
  A glowing orange brain (Vaults:2)
  A lindwurm (Vaults:1)
  19 deep trolls
  3 swamp dragons
  4 bog bodies
  9 deep elf zephyrmancers
  2 harpies
  5 wizards
  Pikel (D:4)
  2 necromancers
  12 ironbound convokers
  11 deep elf pyromancers
  15 wolf spiders
  A phantasmal warrior (D:15)
  An oklob plant (D:11)
  5 orb spiders
  4 deep elf archers
  A stone giant zombie (Vaults:2)
  2 manticores
  18 slime creatures
  17 ugly things
  An elephant (shapeshifter) (Vaults:3)
  5 cyclopes
  2 moths of wrath (Spider:1)
  A black mamba (shapeshifter) (D:12)
  An elf zombie (D:15)
  2 black mambas
  10 elephants
  2 ice statues (IceCv)
  4 centaur zombies (D:11)
  5 vault sentinels
  5 cane toads
  2 orange demons (Swamp:4)
  A gargoyle (D:7)
  2 torpor snails
  A freezing wraith (D:14)
  5 komodo dragons
  Maggie (D:7)
  8 rime drakes
  4 demonic crawlers
  11 yaktaurs
  10 jumping spiders
  A merfolk (shapeshifter) (Vaults:2)
  3 meliai (Spider:3)
  A tyrant leech (Swamp:3)
  2 polar bears (Lair:6)
  2 wind drakes (Lair:6)
  5 trolls
  5 large abominations (D:12)
  A fire dragon zombie (D:15)
  19 hornets
  2 meliai (shapeshifter)
  4 dream sheep (Lair:6)
  3 blink frogs
  A stone giant simulacrum (Vaults:2)
  2 shadows
  A wraith (D:10)
  14 tarantellas
  A spriggan (shapeshifter) (D:15)
  A tarantella (shapeshifter) (D:12)
  9 spriggans
  41 yaks
  2 vampires
  3 basilisks
  A water elemental (Elf:2)
  6 wyverns
  7 humans (D:13)
  27 redbacks
  2 fire elementals (Elf:3)
  7 vampire mosquitoes
  A warg (Orc:2)
  2 neqoxecs (D:12)
  A steam dragon (D:6)
  Menkaure (D:7)
  An acid dragon (D:13)
  13 swamp worms
  9 water moccasins
  Duvessa (D:7)
  8 orc warriors
  A sky beast (D:4)
  A swamp drake (Swamp:2)
  2 black bears (D:6)
  2 necrophages
  6 centaurs
  11 ogres
  25 wolves
  2 phantoms
  7 bullfrogs
  5 small abominations
  2 wyvern zombies
  Dowan (D:7)
  6 water moccasin zombies
  3 scorpions
  A scorpion (shapeshifter) (D:12)
  A wyvern skeleton (D:6)
  2 lindwurm simulacra (IceCv)
  4 killer bees (D:8)
  4 wights (D:9)
  6 electric eels
  2 howler monkeys
  A gnoll shaman (D:7)
  6 komodo dragon simulacra (IceCv)
  6 hounds
  4 orc priests
  6 jellies
  2 centaur skeletons
  6 iguanas
  10 orc wizards
  Natasha (thrice) (D:4)
  A scorpion zombie (D:5)
  3 hound skeletons
  3 mummies
  A howler monkey zombie (D:6)
  A howler monkey skeleton (D:7)
  5 adders
  18 gnolls
  7 acid dragon simulacra (IceCv)
  A shadow imp (D:5)
  10 white imps
  6 steam dragon simulacra (IceCv)
  An ufetubus (D:6)
  5 adder zombies (Ossuary)
  An adder skeleton (D:5)
  2 worms (D:2)
  2 dart slugs
  25 orcs
  5 ball pythons
  4 bats
  8 endoplasms
  5 giant cockroaches
  6 goblins
  13 hobgoblins
  5 jackals
  A quokka (D:4)
  2 frilled lizards
  A gnoll zombie (Ossuary)
  5 hobgoblin zombies (Ossuary)
  15 kobolds
  6 kobold zombies (Ossuary)
  5 orc zombies (Ossuary)
  A rat (D:2)
  A fungus (Lair:5)
  A plant (Lair:6)
914 creatures vanquished.

Vanquished Creatures (collateral kills)
  Jory (Vaults:3)
  A tentacled monstrosity (Vaults:2)
  Rupert (D:13)
  2 deep elf master archers (Elf:3)
  The ghost of Plog the Bludgeoner, an adept MiBe of Trog (Spider:1)
  A deep elf blademaster (Elf:3)
  A fenstrider witch (Swamp:4)
  Donald (Swamp:4)
  4 vault wardens
  4 deep elf sorcerers
  A ghost moth (Spider:4)
  8 emperor scorpions
  5 ironbound preservers
  3 ghouls (Swamp:2)
  5 very ugly things
  A deep elf demonologist (Elf:3)
  3 dire elephants
  5 deep elf annihilators (Elf:3)
  7 bunyips
  An entropy weaver (Spider:3)
  A spark wasp (Spider:4)
  An eleionoma (Swamp:4)
  2 deep elf death magi
  3 deep elf high priests (Elf:3)
  An ettin (Vaults:1)
  A shambling mangrove (Swamp:2)
  A crystal guardian (Vaults:1)
  The ghost of dickylongcocking the Fighter, a journeyman DjWn of Hepliaklqana (D:12)
  A vault guard (Vaults:1)
  2 great orbs of eyes
  An ironbound thunderhulk (Vaults:2)
  5 boulder beetles
  A hell beast (Swamp:4)
  3 ogre magi (Orc:2)
  3 centaur warriors
  17 hydras
  A death knight (D:14)
  A ghost crab (Swamp:4)
  7 two-headed ogres (Orc:2)
  2 alligators
  3 catoblepae
  7 dancing weapons
  6 death yaks
  3 ironbound beastmasters
  A tengu warrior (D:15)
  4 spriggans
  A deep elf knight (Elf:2)
  3 goliath frogs
  A skeletal warrior (D:15)
  A spriggan druid (Swamp:4)
  16 deep trolls
  A glowing orange brain (D:12)
  2 sea snakes (Lair:6)
  3 swamp dragons (Swamp:4)
  A sea snake (shapeshifter) (Vaults:1)
  An entropy weaver zombie (Vaults:2)
  11 deep elf pyromancers
  4 wizards
  A bog body (Swamp:4)
  6 deep elf archers
  2 ironbound convokers
  An orc knight (Orc:1)
  2 phantasmal warriors (D:14)
  5 lindwurms
  13 deep elf zephyrmancers
  An orc sorcerer (Orc:2)
  A manticore (D:12)
  6 orb spiders
  4 cyclopes
  16 wolf spiders
  21 ugly things
  5 elephants
  A moth of wrath (Spider:3)
  5 vault sentinels
  3 black mambas
  5 cane toads
  6 yaktaurs
  2 komodo dragons
  5 rime drakes
  2 freezing wraiths (D:14)
  7 demonic crawlers
  A polar bear (Lair:6)
  22 jumping spiders
  6 tyrant leeches
  A troll (shapeshifter) (D:12)
  11 hornets
  6 blink frogs
  16 dream sheep
  A deep troll zombie (D:15)
  16 slime creatures
  38 redbacks
  A centaur simulacrum (D:13)
  The ghost of hilljack the Magician, an amateur GrEE (D:4)
  2 shadows (Swamp:4)
  8 tarantellas
  24 yaks
  2 wyverns (Lair:6)
  9 humans (D:13)
  A large abomination (Swamp:4)
  3 basilisks
  11 vampire mosquitoes
  A warg (Orc:1)
  4 swamp worms
  An acid dragon (D:14)
  9 water moccasins
  An acid dragon (shapeshifter) (D:12)
  A meliai simulacrum (D:14)
  2 orc warriors (Orc:1)
  A black bear (Lair:4)
  24 wolves
  8 ogres
  2 centaurs (D:14)
  7 bullfrogs
  An earth elemental (Elf:3)
  3 small abominations (D:12)
  4 orc priests
  5 orc wizards
  3 white imps (Orc:1)
  2 orcs (Orc:1)
  An endoplasm (Lair:6)
  A fungus (Lair:4)
  2 plants
563 creatures vanquished.

Vanquished Creatures (others)
  2 orc warlords
  3 deep elf knights (Elf:2)
  2 wizards
  A lindwurm (Vaults:2)
  A deep elf pyromancer (Elf:2)
  A wolf spider (Spider:1)
  A black mamba (Lair:6)
  A vault sentinel (Vaults:4)
  A cane toad (Lair:6)
  A bloated husk (Swamp:2)
  4 orc warriors
  4 orc wizards
  An ogre (Orc:2)
  5 orc priests (Orc:2)
  10 orcs
  49 fungi
  97 plants
  5 withered plants
189 creatures vanquished.

Grand Total: 1666 creatures vanquished

Notes
Turn   | Place    | Note
-------+----------+-------------------------------------------
     0 | D:1      | Spaninq the Hill Orc Monk began the quest for the Orb.
     0 | D:1      | Reached XP level 1. HP: 19/19 MP: 1/1
   427 | D:1      | Reached XP level 2. HP: 26/27 MP: 2/2
   610 | D:1      | Found a faded altar of an unknown god.
   630 | D:1      | Reached skill level 1 in Armour
   630 | D:1      | Reached XP level 3. HP: 16/33 MP: 3/3
   989 | D:1      | Reached skill level 5 in Axes
  1179 | D:2      | Found Gubi's Book Shop.
  1181 | D:2      | Found Fexasuph's Antique Armour Shoppe.
  1373 | D:2      | Found Ydygimeq's Assorted Antiques.
  1524 | D:2      | Found Jobiuwid's Distillery.
  1587 | D:2      | Found Leuviw's Antique Armour Boutique.
  1731 | D:2      | Reached XP level 4. HP: 18/40 MP: 4/4
  2455 | D:3      | Found a snail-covered altar of Cheibriados.
  3154 | D:4      | Reached XP level 5. HP: 41/47 MP: 3/5
  3184 | D:4      | Found a runed translucent gate.
  3184 | D:4      | Found a runed translucent gate.
  3184 | D:4      | Found a runed translucent gate.
  3247 | D:4      | Found a sand-covered staircase.
  3252 | Ossuary  | Entered an ossuary
  3328 | Ossuary  | Reached skill level 5 in Fighting
  3328 | Ossuary  | Reached XP level 6. HP: 28/56 MP: 6/6
  3759 | D:4      | Noticed hilljack's ghost (amateur GrEE)
  3801 | D:4      | Noticed Natasha
  3812 | D:4      | Killed Natasha
  3988 | D:4      | Reached XP level 7. HP: 40/61 MP: 5/7
  4379 | D:4      | Noticed Natasha
  4387 | D:4      | Killed Natasha
  4488 | D:4      | Found a staircase to the Ecumenical Temple.
  4611 | D:4      | Noticed Pikel
  4660 | D:4      | Killed Pikel
  4661 | D:4      | Reached skill level 5 in Armour
  4661 | D:4      | Reached XP level 8. HP: 34/71 MP: 4/8
  4908 | D:4      | Noticed Natasha
  4923 | D:4      | Killed Natasha
  5093 | D:4      | Reached skill level 10 in Axes
  5440 | Temple   | Entered the Ecumenical Temple
  5596 | D:5      | Entered Level 5 of the Dungeon
  5777 | D:5      | Found Xublakadgh's Weapon Shoppe.
  5843 | D:5      | Identified the +3 leather armour "Pufuip" {Harm rElec rC+
                  | Dex-2}
  5846 | D:5      | Found a transporter.
  5864 | D:5      | Found a transporter.
  6308 | D:5      | Reached XP level 9. HP: 76/79 MP: 6/9
  7516 | D:6      | Found Iwabb's Book Shoppe.
  7894 | D:7      | Found a flagged portal.
  7903 | Bailey   | Entered a bailey
  8876 | D:7      | Noticed Duvessa
  8876 | D:7      | Noticed Dowan
  8918 | D:7      | Killed Duvessa
  8945 | D:7      | Killed Dowan
  9206 | D:7      | Noticed Maggie
  9238 | D:7      | Killed Maggie
  9239 | D:7      | Reached XP level 10. HP: 63/91 MP: 6/10
  9450 | D:7      | Noticed Menkaure
  9485 | D:7      | Noticed Harold
  9495 | D:7      | Reached skill level 10 in Fighting
  9495 | D:7      | Reached skill level 15 in Axes
  9495 | D:7      | Reached XP level 11. HP: 35/101 MP: 5/11
  9519 | D:7      | Killed Harold
 10103 | D:7      | Killed Menkaure
 10913 | D:7      | Became a worshipper of Beogh the Brigand
 10913 | D:7      | Reached * piety under Beogh
 10913 | D:7      | Reached ** piety under Beogh
 11181 | D:8      | You fall into a shaft and drop 2 floors!
 11181 | D:10     | Entered Level 10 of the Dungeon
 11245 | D:10     | Noticed Nergalle
 11265 | D:10     | Killed Nergalle
 11266 | D:10     | Reached skill level 1 in Invocations
 11785 | D:8      | Got the Handbook of Excruciating Companions
 11812 | D:8      | Noticed a tengu warrior
 11812 | D:8      | Noticed a death knight
 12226 | D:8      | Killed a tengu warrior
 12227 | D:8      | Reached skill level 10 in Armour
 12613 | D:8      | Killed a death knight
 13419 | D:9      | Identified the +3 leather armour of Tojimul {Contam rCorr
                  | Dex+5}
 13909 | D:9      | Reached XP level 12. HP: 106/112 MP: 15/15
 14210 | D:10     | Found a staircase to the Orcish Mines.
 14642 | D:10     | Noticed a two-headed ogre
 14650 | D:10     | Killed a two-headed ogre
 14672 | D:11     | Reached skill level 5 in Invocations
 14772 | D:11     | Found a staircase to the Lair.
 14779 | D:11     | Noticed a two-headed ogre
 14793 | D:11     | Killed a two-headed ogre
 14978 | D:11     | Noticed a centaur warrior
 14990 | D:11     | Reached *** piety under Beogh
 14992 | D:11     | Killed a centaur warrior
 15186 | D:11     | Paralysed by a hornet for 2 turns
 15249 | D:11     | Noticed a two-headed ogre
 15276 | D:11     | Killed a two-headed ogre
 15360 | D:11     | Noticed a boulder beetle
 15416 | D:11     | Killed a boulder beetle
 15428 | D:11     | Noticed a two-headed ogre
 16192 | D:11     | Noticed a boulder beetle
 16566 | D:11     | Killed a two-headed ogre
 17089 | D:11     | Reached XP level 13. HP: 119/119 MP: 18/18
 17193 | D:12     | Noticed Snorg
 17218 | D:12     | Killed Snorg
 17953 | D:12     | Reached skill level 1 in Shields
 18305 | D:12     | Found a runed translucent gate.
 18305 | D:12     | Found a runed translucent gate.
 18305 | D:12     | Found a runed translucent gate.
 18306 | D:12     | Noticed a purple very ugly thing
 18306 | D:12     | Noticed a red very ugly thing
 18679 | D:12     | Reached **** piety under Beogh
 18979 | D:12     | Identified the +7 trident of Gluttony {elec, rC- rN+ Dex+4}
 19096 | Lair:1   | Entered Level 1 of the Lair of Beasts
 19159 | Lair:1   | Identified the +1 trident "Ocegey" {freeze, rPois rF+}
 19322 | Lair:1   | Identified the +7 plate armour of the Hart {rElec rC+}
 19945 | Lair:2   | Gained Bogward as an ally
 20163 | Lair:2   | Found a hole to the Spider Nest.
 20169 | Lair:2   | Got the Handbook of the Supportive Rocks
 20239 | Lair:2   | Reached ***** piety under Beogh
 20258 | Lair:2   | Reached skill level 5 in Shields
 20874 | Lair:2   | Found a staircase to the Swamp.
 20959 | Lair:2   | Reached XP level 14. HP: 124/130 MP: 21/21
 22145 | Lair:3   | Found a glowing silver altar of Zin.
 22697 | Lair:4   | Reached skill level 10 in Invocations
 23109 | Orc:1    | Entered Level 1 of the Orcish Mines
 23125 | Orc:1    | Gained Learuk as an ally
 23169 | Orc:1    | Found Giox's Antique Weapon Boutique.
 23273 | Orc:2    | Entered Level 2 of the Orcish Mines
 23376 | Orc:1    | Found Muolocip's Armour Shop.
 23388 | Orc:1    | Found a frozen archway.
 23398 | Orc:1    | Reached ****** piety under Beogh
 23412 | IceCv    | Entered an ice cave
 24542 | Orc:2    | Found a staircase to the Elven Halls.
 24800 | Orc:2    | Found Sodwih's Magic Scroll Emporium.
 24800 | Orc:2    | Found Eggudo's Antique Armour Boutique.
 24800 | Orc:2    | Found Gedot's Weapon Boutique.
 24800 | Orc:2    | Found Lecaileq's Magic Scroll Shoppe.
 24817 | Orc:2    | Gained Murdo as an ally
 24827 | Orc:2    | Gained Marbork as an ally
 25993 | D:13     | Noticed Urug
 25997 | D:13     | Noticed Rupert
 26020 | D:13     | Found a gate to the Vaults.
 26023 | D:13     | Killed Rupert
 26024 | D:13     | Reached XP level 15. HP: 113/139 MP: 16/23
 26028 | D:13     | Reached skill level 10 in Shields
 26211 | D:13     | Identified the +3 quarterstaff "Zecah" {vorpal, Fragile
                  | +Blink Dex+4}
 26930 | D:14     | Noticed Nessos
 26939 | D:14     | Killed Nessos
 27565 | D:14     | Identified a scroll of acquirement
 27565 | D:14     | Acquired the +14 obsidian axe {vorpal, Drain Fly SInv}
 27566 | D:14     | Found the +14 obsidian axe {vorpal, Drain Fly SInv}
 27778 | D:15     | Entered Level 15 of the Dungeon
 27823 | D:15     | Reached skill level 15 in Fighting
 28093 | D:15     | Found a sparkling altar of Nemelex Xobeh.
 28095 | D:15     | Found a shimmering altar of Xom.
 28095 | D:15     | Found a sacrificial altar of Ru.
 28097 | D:15     | Found a basalt altar of Yredelemnul.
 28097 | D:15     | Found a broken altar of Ashenzari.
 28097 | D:15     | Found a sacrificial altar of Ru.
 28157 | D:15     | Found a staircase to the Depths.
 28319 | D:15     | Found a glowing silver altar of Zin.
 28626 | Swamp:1  | Entered Level 1 of the Swamp
 30195 | D:2      | Bought a glowing tower shield for 217 gold pieces
 30233 | D:2      | Bought a pair of embroidered gloves for 172 gold pieces
 30511 | Lair:6   | Entered Level 6 of the Lair of Beasts
 30608 | Lair:6   | Reached XP level 16. HP: 130/149 MP: 24/24
 30914 | Lair:6   | Found a staircase to the Slime Pits.
 31516 | Lair:5   | Reached skill level 5 in Dodging
 32145 | Lair:6   | Identified the +9 short sword of the Warrior {drain, Dex+4}
 34066 | Swamp:3  | Reached skill level 15 in Armour
 34071 | Swamp:3  | Reached XP level 17. HP: 159/159 MP: 25/25
 34622 | Swamp:4  | Entered Level 4 of the Swamp
 34622 | Swamp:4  | Noticed Donald
 34627 | Swamp:4  | Killed Donald
 35081 | Swamp:4  | Got a decaying rune of Zot
 35424 | Swamp:4  | Reached skill level 15 in Shields
 35938 | Spider:1 | Entered Level 1 of the Spider Nest
 36069 | Spider:1 | Found a runed translucent door.
 36069 | Spider:1 | Noticed Plog's ghost (adept MiBe)
 36083 | Spider:1 | Killed Plog's ghost
 37534 | Spider:2 | Reached XP level 18. HP: 146/170 MP: 1/26
 39425 | Spider:4 | Entered Level 4 of the Spider Nest
 40523 | Spider:4 | Got a gossamer rune of Zot
 40899 | Depths:1 | Entered Level 1 of the Depths
 40973 | Vaults:1 | Entered Level 1 of the Vaults
 42106 | Vaults:1 | Found Gist's General Store.
 42463 | Vaults:1 | Reached XP level 19. HP: 171/179 MP: 25/27
 42566 | Vaults:1 | Identified the +7 dagger of the Median {drain, rC- Str+6
                  | Dex+6}
 42618 | Vaults:1 | Noticed a Brimstone Fiend
 43079 | Vaults:2 | Noticed a tentacled monstrosity
 43080 | Vaults:2 | Found a runed translucent gate.
 43080 | Vaults:2 | Noticed a tentacled monstrosity
 43084 | Vaults:2 | Found a runed translucent gate.
 43085 | Vaults:2 | Found a runed translucent gate.
 43085 | Vaults:2 | Noticed a tentacled monstrosity
 43113 | Vaults:2 | Found Befonn's Antique Armour Boutique.
 43904 | Vaults:2 | Killed a tentacled monstrosity
 44440 | Vaults:2 | Noticed a tentacled monstrosity
 44738 | D:4      | Killed hilljack's ghost
 45032 | D:12     | Your ally Learuk died
 45039 | D:12     | Found a runed translucent gate.
 45039 | D:12     | Found a runed translucent gate.
 45048 | D:12     | Found a runed translucent gate.
 45050 | D:12     | Noticed dickylongcocking's ghost (journeyman DjWn)
 45057 | D:12     | Found the +2 hood of the Assassin {Detection Stab+ Stlth++}
 45068 | D:12     | Killed dickylongcocking's ghost
 45105 | D:12     | Gained mutation: Your body sometimes deteriorates upon
                  | taking damage. [mutagenic glow]
 45115 | D:12     | Gained mutation: You are dopey. (Int -2) [mutagenic glow]
 45128 | D:12     | Gained mutation: You have sharp toenails. [mutagenic glow]
 45210 | D:12     | Lost mutation: You have sharp toenails. [potion of
                  | mutation]
 45210 | D:12     | Lost mutation: You are dopey. (Int -2) [potion of mutation]
 45210 | D:12     | Gained mutation: You have a pair of small horns on your
                  | head. [potion of mutation]
 45444 | Elf:1    | Entered Level 1 of the Elven Halls
 46190 | Elf:1    | Identified the +9 trident of Annoyance {vorpal, rPois rN+
                  | Will+ Str-3 SInv}
 46965 | Elf:2    | Found Yprigg's Book Shop.
 46981 | Elf:2    | Reached XP level 20. HP: 175/189 MP: 25/28
 47242 | Elf:2    | Reached skill level 10 in Dodging
 47319 | Elf:2    | Found a runed translucent gate.
 47320 | Elf:2    | Found a runed translucent gate.
 47321 | Elf:2    | Found a runed translucent gate.
 48229 | Elf:3    | Entered Level 3 of the Elven Halls
 48232 | Elf:3    | Found Weiskio's Armour Emporium.
 48294 | Elf:3    | Found a radiant altar of Vehumet.
 48592 | Elf:3    | Found Zyususs's Magic Scroll Shop.
 48601 | Elf:3    | Bought a scroll of enchant armour for 97 gold pieces
 48601 | Elf:3    | Bought a scroll of enchant armour for 97 gold pieces
 48601 | Elf:3    | Bought a scroll of enchant weapon for 97 gold pieces
 48796 | Elf:3    | Your ally died
 48804 | Elf:3    | Identified the ring of Kiygu {Int+6 Slay+5}
 48825 | Elf:3    | Your ally Bogward died
 48935 | Elf:3    | Identified the amulet of Fuwkop {Spirit Int+4}
 48960 | Elf:3    | Identified the ring "Sonaopt" {AC+4 Str+3}
 49214 | Elf:3    | Identified the +4 hand crossbow of Ethereal Valour {penet,
                  | Fly}
 49230 | Elf:3    | Identified the ring "Cialiom" {rN+ MP+9}
 50686 | Vaults:3 | Reached XP level 21. HP: 199/199 MP: 29/29
 50915 | Vaults:3 | Noticed Jory
 50927 | Vaults:3 | Killed Jory
 51092 | Vaults:3 | Found a staircase to the Crypt.
 51669 | Vaults:3 | Found Cown's Weapon Boutique.
 52498 | Vaults:4 | Found a runed translucent gate.
 52498 | Vaults:4 | Found a runed translucent gate.
 52498 | Vaults:4 | Found a runed translucent gate.
 52500 | Vaults:4 | Noticed Buxkij's ghost (adept DsGl)
 52500 | Vaults:4 | Noticed Lukheov's ghost (veteran DrWn)
 52500 | Vaults:4 | Noticed Eldin's ghost (veteran DEWz)
 52521 | Vaults:4 | Noticed Sojobo
 52528 | Vaults:4 | Paralysed by an air elemental for 1 turns
 52536 | Vaults:4 | Paralysed by an air elemental for 1 turns
 52555 | Vaults:4 | HP: 8/201 [tengu reaver/bolt of cold[Sojobo] (6)]
 52555 | Vaults:4 | Your ally Learuk died
 52564 | Vaults:4 | Killed from afar by a tengu reaver

Illustrated notes

Levels and vault maps discovered:
D:1:      minmay_arrival_up_and_down, layout_basic,
          shapermc_ecumenical_altar_venn
D:2:      layout_loops_ring, serial_shops, shop, shop, nicolae_diamond_shop,
          shop, shop, minmay_heptomino_o4
D:3:      layout_rooms, slow_altar_2, serial_rivers,
          chequers_serial_rivers_marsh, chequers_serial_rivers_micro_d,
          chequers_serial_rivers_room_b, chequers_serial_rivers_micro_d
D:4:      layout_layer_cave, minmay_temple_entry_junction, serial_glass,
          glass_columns_b, glass_columns_b, enter_ossuary_2,
          ebering_ghost_rock_garden, uniq_pikel, uniq_natasha
D:5:      gammafunk_steamed_eel, layout_loops_ring, serial_shops,
          nicolae_shop_window_shopping, roderic_filled_cross
D:6:      minmay_chambers_of_threes, layout_loops_ring, serial_shops, shop,
          minmay_liquid_box
D:7:      layout_basic, enter_bailey_6, minivault_26, uniq_duvessa, uniq_harold,
          uniq_menkaure, uniq_maggie
D:8:      kennysheep_big_flooded_room, layout_basic
D:9:      layout_roguey
D:10:     layout_roguey, orc_0_dummy, lemuel_flamethrower_1, uniq_nergalle
D:11:     layout_loops_ring, dpeg_oklobed_lair, st_stairs_13,
          kennysheep_kite_vault
D:12:     layout_basic, ploomutoo_gammafunk_ghost_potion_laboratory, laboratory,
          uniq_snorg
D:13:     layout_basic, david_vaults_3
D:14:     layout_loops_ring, grunt_decor_mini_mirrors, uniq_nessos
D:15:     gammafunk_depths_entry_grave, layout_small_grid, doesnt_xom_only_xom,
          zin_academy
Temple:   kilobyte_greek_temple
Lair:1:   layout_gridlike, grunt_megastairs_2
Lair:2:   layout_regular_city, minmay_swamp_entry_worms,
          spider_nest_entry_web_field, minivault_19, grunt_forest_stairs_basic,
          st_stairs_3, grunt_forest_large_clearings
Lair:3:   layout_chaotic_city, basic_altar, minmay_lair_oklob_bushes,
          grunt_megastairs_5
Lair:4:   layout_regular_city
Lair:5:   layout_gridlike, serial_bayou_lake_a
Lair:6:   gammafunk_lair_ancient_temple, layout_misc_corridors,
          nicolae_slime_entry_slimehenge, hibernation_bobbens, uniq_rupert
Swamp:1:  layout_basic_swamp, hangedman_swamp_ruin_wall
Swamp:2:  layout_basic_swamp, evilmike_swamp_ruin_rubble_1
Swamp:3:  layout_basic_swamp, evilmike_swamp_ruin_house_6
Swamp:4:  swamp_vile, layout_basic_swamp, swamp_pool1, uniq_donald
Spider:1: layout_chambers, ebering_ghost_inner_flame
Spider:2: layout_chambers
Spider:3: layout_spider_delve, nicolae_spider_moth_buddies
Spider:4: spider_rune_water
Orc:1:    layout_caves, portal_ice_cave_entry_imps, serial_shops, shop, shop
Orc:2:    st_orc_ogre_mass, layout_diamond_mine
Elf:1:    eino_elf_arrival_the_gate, layout_onion_city
Elf:2:    layout_geoelf_octagon, serial_shops, nicolae_shop_statue_plus
Elf:3:    minmay_elf_hall_furrowed, layout_onion_city, serial_shops,
          nicolae_lakefront_shop, shop, basic_altar, hangedman_elven_pyramids
Vaults:1: nicolae_vaults_inception_corners, ontoclasm_vaults_spin, v_pattern_4,
          v_misc_13, nicolae_vaults_network_quincunx
          [nicolae_vaults_network_quincunx_subvault,
          nicolae_vaults_network_quincunx_subvault,
          nicolae_vaults_network_quincunx_subvault,
          nicolae_vaults_network_quincunx_subvault,
          nicolae_vaults_network_quincunx_subvault],
          nicolae_vaults_puzzle_piece, hangedman_vaults_river_flow, v_misc_17,
          vaults_mumra_lcd, nicolae_vaults_little_squares_3,
          ontoclasm_vaults_gallery, vaults_dpeg_diagonal, layout_vaults_omnibox,
          serial_shops, shop
Vaults:2: ploomutoo_gammafunk_vaults_ghost_potion_laboratory, v_misc_28,
          ontoclasm_vaults_eye, nicolae_vaults_gold_heap, grunt_vaults_swirl,
          hangedman_vaults_slice, nicolae_vaults_circle_grid_b, v_misc_4,
          grunt_vaults_focal, hangedman_vaults_snaps,
          nicolae_vaults_little_squares_1, v_misc_16, v_alt_pattern_1,
          ontoclasm_vaults_tryst, layout_vaults_maze, serial_shops,
          nicolae_shop_statue_plus, uniq_margery
Vaults:3: dpeg_vaults_monster_box, nicolae_vaults_angled_halls,
          vaults_room_large_hall, v_misc_8, nicolae_vaults_network_square,
          hangedman_vaults_pinch, v_pattern_2, blue_anna_dwarven_crypt,
          ontoclasm_vaults_misaligned, vaults_room_stairs_pillars,
          grunt_vaults_hallway_short, layout_vaults_omnigrid, uniq_jory
Vaults:4: gammafunk_vaults_ghost_cemetery, st_squares,
          nicolae_vaults_disjoint_gnomons, nicolae_vaults_diagonal_hallway_8,
          v_misc_10, nicolae_vaults_what_the_h, ontoclasm_vaults_ligature,
          v_misc_3, ontoclasm_vaults_loading_screen, serial_ice_g,
          vaults_mumra_hex, layout_vaults_chaotic_city, uniq_sojobo
Depths:1: layout_gridville, minmay_hedge_maze, abyss_entry,
          rand_demon_pan_entry_9, hell_entry, ashenzari_altar_1,
          minmay_shop_star

Skill      XL: |  1  2  3  4  5  6  7  8  9 10 11 12 13 14 15 16 17 18 19 20 21 |
---------------+----------------------------------------------------------------+-----
Fighting       | 4 5 6 7 9 10 11 12 13 14 15 16 17 18 19 20 | 20.0
Armour         | 1 2 3 5 7 9 10 11 12 13 14 15 16 17 18 | 18.4
Axes           | 5 6 7 9 10 13 15 16 18 | 18.5
Invocations    | 4 7 9 11 | 11.8
Shields        | 6 9 12 14 15 17 18 19 20 | 20.6
Dodging        | 4 6 7 8 9 10 11 | 11.3
Stealth        | |  1.5

Action                   |  1- 3 |  4- 6 |  7- 9 | 10-12 | 13-15 | 16-18 | 19-21 || total
-------------------------+-------+-------+-------+-------+-------+-------+-------++-------
Melee: Hand axe          |   116 |   253 |   579 |   140 |       |       |       ||  1088
       War axe           |       |       |       |   438 |   814 |       |       ||  1252
       Long sword        |       |       |       |       |    18 |       |       ||    18
       Broad axe         |       |       |       |       |   119 |   709 |   728 ||  1556
       Headbutt          |       |       |       |       |       |       |   120 ||   120
Invok: Smiting           |       |       |       |     1 |       |       |     1 ||     2
       Convert to Beogh  |       |       |       |     1 |       |       |       ||     1
       Recall Orcish Fol |       |       |       |       |    10 |     7 |    10 ||    27
       Stop Recall       |       |       |       |       |     1 |       |       ||     1
       Resurrection      |       |       |       |       |       |       |     1 ||     1
Evoke: Lightning rod     |       |       |       |       |     2 |       |       ||     2
  Use: Scroll            |       |    10 |     5 |     2 |     2 |     2 |       ||    21
       Potion            |       |       |     4 |    11 |     4 |     1 |    13 ||    33
 Stab: Sleeping          |     4 |     1 |       |       |       |       |       ||     5
       Distracted        |       |       |     1 |       |    10 |     4 |     6 ||    21
       Invisible         |       |       |       |     8 |       |       |       ||     8
       Petrified         |       |       |       |       |     2 |       |       ||     2
       Petrifying        |       |       |       |       |     1 |       |       ||     1
Armor: Robe              |    16 |     1 |       |       |       |       |       ||    17
       Scale mail        |       |    92 |   162 |       |       |       |       ||   254
       Chain mail        |       |       |    32 |   113 |       |       |       ||   145
       Plate armour      |       |       |       |   215 |   695 |   367 |   240 ||  1517
       Skin              |       |       |       |     6 |       |       |       ||     6
Dodge: Dodged            |    61 |   102 |   256 |   199 |   301 |   173 |   142 ||  1234
Block: Tower shield      |       |       |       |       |   111 |   207 |   128 ||   446
       Kite shield       |       |       |       |       |       |   329 |   276 ||   605
       Reflection        |       |       |       |       |       |     2 |    42 ||    44
       Rpst.: Long sword |       |       |       |       |     1 |       |       ||     1

Table legend: (Time is in decaauts)
 A = Elapsed time spent in this place.
 B = Non-inter-level travel time spent in this place.
 C = Inter-level travel time spent in this place.
 D = Time resting spent in this place.
 E = Time spent auto-exploring this place.
 F = Levels seen in this place.
 G = Mean time per level.
                   A        B        C        D        E       F      G
               +--------+--------+--------+--------+--------+-----+--------+
         Total |  51627 |  48075 |   3552 |   7938 |  29470 |  43 | 1200.6 |
       Dungeon |  21726 |  19707 |   2019 |   2572 |  13329 |  15 | 1448.4 |
        Temple |    141 |    105 |     36 |      0 |     94 |   1 |  141.0 |
          Lair |   7340 |   6786 |    554 |    902 |   4450 |   6 | 1223.3 |
         Swamp |   3425 |   3262 |    163 |    719 |   1511 |   4 |  856.2 |
   Spider Nest |   4728 |   4528 |    200 |    638 |   2942 |   4 | 1182.0 |
  Orcish Mines |   1782 |   1626 |    156 |      0 |   1186 |   2 |  891.0 |
   Elven Halls |   4211 |   4040 |    171 |    843 |   2239 |   3 | 1403.7 |
        Vaults |   6147 |   5897 |    250 |   1454 |   3155 |   4 | 1536.8 |
        Depths |      1 |      1 |      0 |      0 |      0 |   1 |    1.0 |
       Ossuary |    395 |    395 |      0 |    149 |     35 |   1 |  395.0 |
        Bailey |    925 |    925 |      0 |    277 |    373 |   1 |  925.0 |
      Ice Cave |    800 |    800 |      0 |    384 |    156 |   1 |  800.0 |
               +--------+--------+--------+--------+--------+-----+--------+

Top non-repeatable levels by time:
    D:11: 2720 daAuts
     D:7: 2435 daAuts
Vaults:3: 2312 daAuts
     D:4: 2149 daAuts
    D:12: 2067 daAuts
Vaults:1: 1869 daAuts
  Lair:2: 1814 daAuts
Vaults:2: 1666 daAuts
   Elf:2: 1642 daAuts
   Elf:3: 1386 daAuts
Spider:2: 1296 daAuts
     D:2: 1292 daAuts
     D:6: 1287 daAuts
   Orc:2: 1278 daAuts
     D:8: 1270 daAuts
